 Dungeon Crawl Stone Soup version 0.16.0-11-gd45b091 (webtiles) character file.

2982 McCoppin the Covert (level 9, -3/67 HPs)
             Began as an Octopode Assassin on Mar 17, 2015.
             Was a Believer of Dithmenos.
             Slain by an orc
             ... wielding a +5 whip
              (10 damage)
             ... on level 7 of the Dungeon.
             The game lasted 00:52:37 (7778 turns).

McCoppin the Covert (Octopode Assassin)             Turns: 7778, Time: 00:52:37

Health: -3/67      AC:  1    Str: 10    XL:     9   Next: 83%
Magic:  9/9        EV: 12    Int: 14    God:    Dithmenos [**....]
Gold:   311        SH:  0    Dex: 16    Spells: 0 memorised, 8 levels left

rFire  . . .     SeeInvis .     a - +0 dagger (elec)
rCold  . . .     Clarity  +     (no shield)
rNeg   . . .     SustAb   .     (helmet restricted)
rPois  +         Gourm    .     E - amulet of resist corrosion
rElec  .         Spirit   .     d - ring of poison resistance
rCorr  +         Warding  .     (no ring)
rMut   .         Stasis   .     (no ring)
MR     .....                    (no ring)
Stlth  ++++++++..               (no ring)
                                (no ring)
                                (no ring)
                                (no ring)

@: starving, wreathed by umbra, not resistant to hostile enchantments,
extraordinarily stealthy
A: almost no armour, amphibious, 8 rings, constrict 8, camouflage 1, clarity,
gelatinous body 1
a: Shadow Step, Renounce Religion


You were on level 7 of the Dungeon.
You worshipped Dithmenos.
Dithmenos was pleased with you.
You were starving.

You visited 2 branches of the dungeon, and saw 8 of its levels.

You collected 311 gold pieces.

Inventory:

Hand weapons
 a - a +0 dagger of electrocution (weapon)
 b - a +0 blowgun
 p - the +8 long sword "Prewae" {antimagic, MP+9 Int+3, unknown}
   (You found it on level 7 of the Dungeon)

   It disrupts the flow of magical energy around spellcasters and certain
   magical creatures (including the wielder).
   It affects your intelligence (+3).
   It affects your magic capacity (+9).
 I - a +0 long sword
Missiles
 e - 4 poisoned javelins (quivered)
 t - 6 needles of paralysis
 y - a poisoned needle
 H - 2 curare-tipped needles
Jewellery
 d - a ring of poison resistance (left tentacle)
 o - an uncursed amulet of stasis
 w - a +3 ring of protection {unknown}
 E - an amulet of resist corrosion (around mantle)
Magical devices
 f - a wand of magic darts (23)
 j - a wand of confusion (6)
 r - a wand of polymorph (9)
 u - a wand of flame (14)
Scrolls
 c - 2 scrolls of amnesia
 h - a scroll of remove curse
 B - 3 scrolls of magic mapping
Potions
 i - a potion of brilliance
 l - 4 potions of restore abilities
 s - a potion of poison
 v - 2 potions of curing
Books
 k - a book of Conjurations

   Spells                             Type                      Level
   a - Magic Dart                     Conjuration                  1
   b - Searing Ray                    Conjuration                  2
   c - Dazzling Spray                 Conjuration/Hexes            3
   d - Fulminant Prism                Conjuration/Hexes            4
   e - Iskenderun's Mystic Blast      Conjuration                  4
   f - Iskenderun's Battlesphere      Conjuration/Charms           5
Comestibles
 g - 7 bread rations
 n - 2 beef jerkies
 q - a royal jelly
 z - 4 meat rations
 D - a slice of pizza


   Skills:
 + Level 8.5 Fighting
 - Level 2.0(5.6) Short Blades
 + Level 8.3(8.4) Long Blades
 - Level 2.0 Throwing
 - Level 1.0 Dodging
 - Level 10.3 Stealth


You had 8 spell levels left.
You didn't know any spells.

Dungeon Overview and Level Annotations

Branches:
Dungeon (7/15)             Temple (1/1) D:4

Altars:
Ashenzari
Dithmenos
Elyvilon
Fedhas
Kikubaaqudgha
Makhleb
Nemelex Xobeh
Okawaru
Qazlal
Ru
Vehumet
Yredelemnul
Zin

Shops:
D:7 [


Innate Abilities, Weirdness & Mutations

You cannot wear most types of armour.
You are amphibious.
You can wear up to eight rings at the same time.
You can use your tentacles to constrict many enemies at once.
Your skin changes colour to match your surroundings (Stealth).
Your rubbery body absorbs attacks (AC +1).
You possess an exceptional clarity of mind.


Message History

Okay, then.
Evoke which item? (* to show all) (? for menu, Esc to quit)
Zapping:
j - a wand of confusion {zapped: 1} (will waste charges)
Press: ? - help, Shift-Dir - straight line, f - orc warrior
Aim: an orc warrior, wielding a flail and wearing a chain mail (umbra, chance 46%)
The orc warrior resists with some effort.
Evoking this partially-identified wand wasted a few charges.
The orc warrior hits you with a flail!
* * * LOW HITPOINT WARNING * * *
The hungry ghost closely misses you. The orc warrior hits you with a flail.
* * * LOW HITPOINT WARNING * * *
The hungry ghost hits you.
* * * LOW HITPOINT WARNING * * *
You are starving!
You climb downwards.
The orc barely misses you. The orc misses you.
There is a stone staircase leading up, spattered with blood here.
You hit the orc but do no damage. You grab the orc. You constrict the orc.
The orc hits you with an enchanted whip!
You die...

# #.## . ### #.#.. .. ..
#.#.##### ###..
#.###.......###....
#..#.........##.#..
#..........)......
##o.........#.....
#@W........##.#..# .
#ooK.......#..#(.#
.....#.......)....##..#
...........o.....##...>.
.....#..........#..?.%.
.#.............#.......
##.###................
... .................. #
..................


You could see a hungry ghost, an orc warrior, 3 orcs and a kobold.

Vanquished Creatures
  Pikel (D:6)
  The ghost of Noname the Chucker, an average TrHu (D:4)
  Grinder (D:5)
  Eustachio (D:6)
  Menkaure (D:4)
  An ice beast (D:5)
  An orc warrior (D:6)
  4 ogres
  Sigmund (D:3)
  Blork the orc (D:5)
  3 giant frogs
  A goliath beetle (D:6)
  2 hounds (D:6)
  A giant frog zombie (D:6)
  2 jellies
  A quasit (D:3)
  A crimson imp (D:6)
  A centaur skeleton (D:4)
  4 orc priests
  A gnoll shaman (D:6)
  5 worker ants
  6 orc wizards
  Ijyb (D:2)
  A hound skeleton (D:6)
  A mummy (D:5)
  8 gnolls (D:6)
  8 adders
  5 worms
  An ooze (D:5)
  19 orcs
  11 bats
  2 bat skeletons
  A bat zombie (D:6)
  4 giant cockroaches
  10 goblins
  4 hobgoblins
  2 jackals (D:6)
  2 ball pythons
  5 giant newts
  7 kobolds
  4 quokkas
  A quokka skeleton (D:6)
  12 rats
150 creatures vanquished.

Vanquished Creatures (others)
  An orc (D:6)
  2 goblins
  A rat (D:4)
4 creatures vanquished.

Grand Total: 154 creatures vanquished

Notes
Turn   | Place    | Note
--------------------------------------------------------------
     0 | D:1      | McCoppin, the Octopode Assassin, began the quest for the Orb.
     0 | D:1      | Reached XP level 1. HP: 14/14 MP: 1/1
   299 | D:1      | Reached XP level 2. HP: 19/19 MP: 2/2
   303 | D:1      | Reached skill level 6 in Stealth
  1224 | D:2      | Reached XP level 3. HP: 24/24 MP: 3/3
  1310 | D:2      | Reached skill level 7 in Stealth
  1474 | D:2      | Noticed Ijyb
  1485 | D:2      | Killed Ijyb
  1485 | D:2      | Reached XP level 4. HP: 26/29 MP: 4/4
  1755 | D:2      | Reached skill level 8 in Stealth
  2189 | D:3      | Reached XP level 5. HP: 34/34 MP: 5/5
  2365 | D:3      | Reached skill level 9 in Stealth
  2989 | D:3      | Noticed Sigmund
  3002 | D:3      | Killed Sigmund
  3002 | D:3      | Reached skill level 10 in Stealth
  3002 | D:3      | Reached XP level 6. HP: 39/39 MP: 6/6
  3399 | D:4      | Reached skill level 1 in Long Blades
  3696 | D:4      | Noticed Menkaure
  3763 | D:4      | Noticed Noname's ghost (average TrHu)
  3789 | D:4      | Found a staircase to the Ecumenical Temple.
  3795 | Temple   | Entered the Ecumenical Temple
  3861 | Temple   | Became a worshipper of Dithmenos the Shadowed
  4178 | D:4      | Killed Noname's ghost
  4178 | D:4      | Reached XP level 7. HP: 47/47 MP: 7/7
  4606 | D:4      | Killed Menkaure
  4671 | D:4      | Reached XP level 8. HP: 54/54 MP: 8/8
  4789 | D:5      | Entered Level 5 of the Dungeon
  4863 | D:5      | Reached skill level 5 in Fighting
  5101 | D:5      | Found a radiant altar of Vehumet.
  5223 | D:5      | Noticed Grinder
  5666 | D:5      | Reached skill level 5 in Long Blades
  5892 | D:5      | Noticed Blork the orc
  5901 | D:5      | Killed Blork the orc
  6235 | D:5      | Killed Grinder
  6498 | D:6      | Reached XP level 9. HP: 57/63 MP: 9/9
  6834 | D:6      | Noticed Pikel
  6848 | D:6      | Killed Pikel
  6848 | D:6      | Acquired Dithmenos' first power
  6872 | D:6      | Noticed Eustachio
  6901 | D:6      | Killed Eustachio
  7326 | D:6      | Gained mutation: You possess an exceptional clarity of mind. [potion of beneficial mutation]
  7675 | D:7      | Found Khaqit's Antique Armour Shop.
  7677 | D:7      | Got a bloodstained long sword
  7778 | D:7      | Slain by an orc

Action                   |  1- 3 |  4- 6 |  7- 9 || total
-------------------------+-------+-------+-------++-------
Melee: Dagger            |    30 |    53 |   157 ||   240
       Whip              |       |    26 |       ||    26
 Fire: Blowgun           |    23 |    17 |    41 ||    81
Throw: Javelin           |       |       |     6 ||     6
Evoke: Wand              |       |       |     1 ||     1
  Use: Scroll            |     5 |     2 |     4 ||    11
       Potion            |       |     5 |    13 ||    18
 Stab: Sleeping          |    15 |    16 |    20 ||    51
       Distracted        |     1 |       |       ||     1
       Paralysed         |       |       |     3 ||     3
  Eat: Chunk             |     1 |     7 |     9 ||    17
       Beef jerky        |       |     1 |       ||     1
       Bread ration      |       |       |     1 ||     1
